[Event "Late-Titled-Tuesday-Blitz-September-19-2023"]
[Site "Chess.com"]
[Date "2023.09.19"]
[Round "8"]
[White "gabduschew"]
[Black "ural58"]
[Result "0-1"]
[WhiteElo "2360"]
[BlackElo "2542"]
[TimeControl "180+1"]
[EndTime "15:27:53 PDT"]
[Termination "ural58 won on time"]

1. g3 e5 2. Bg2 d5 3. d3 Be6 4. Nd2 Nc6 5. e4 Qd7 6. c3 O-O-O 7. Ngf3 Be7 8. O-O g5 9. Qe2 g4 10. Ne1 h5 11. Nc2 f5 12. exf5 Bxf5 13. b4 Bf6 14. b5 Nce7 15. Rb1 h4 16. Ne3 h3 17.
Bh1 Nh6 18. Nxf5 Nexf5 19. Nb3 Qxb5 20. Bxh6 Nxh6 21. Qe3 b6 22. c4 Qe8 23. Bxd5 Nf5 24. Qe4 Ne7 25. Qxg4+ Kb8 26. Nc5 Nxd5 27. cxd5 Rxd5 28.
Na6+ Kb7 29. Qe4 Qe6 30. Nb4 Rd8 31. Nxd5 Qxd5 32. Qxd5+ Rxd5 33. Rfd1 c5 34. Kf1 Kc6 35. Ke2 b5 36. Ke3 a5 37. f3 Rd4 38. Rbc1 Bg5+ 39. Ke2 Bxc1 40. Rxc1 a4 41. g4 Kd5 42. g5 Rf4 43. g6 Rf8 44. Rg1 Rg8 45. Rg5 Kd4 0-1

[Event "Late-Titled-Tuesday-Blitz-September-19-2023"]
[Site "Chess.com"]
[Date "2023.09.19"]
[Round "8"]
[White "jaskol95"]
[Black "BeanScreen"]
[Result "1-0"]
[WhiteElo "2563"]
[BlackElo "2690"]
[TimeControl "180+1"]
[EndTime "15:27:54 PDT"]
[Termination "jaskol95 won by checkmate"]

1. d4 d5 2. Nc3 Nf6 3. Bf4 a6 4. e3 Bf5 5. Nf3 e6 6. Ne5 Nfd7 7. Bd3 Bxd3 8. cxd3 Nxe5 9. Bxe5 Nd7 10. Bg3 c5 11.
dxc5 Bxc5 12. d4 Bb4 13. O-O Bxc3 14. bxc3 Rc8 15. Qb3 Nb6 16. Rab1 Rc6 17. e4 dxe4 18. f3 exf3 19. Rxf3 O-O 20. Be5 Nc4 21. Qxb7 Nxe5 22. dxe5 Rxc3 23. Rxc3 Qd4+ 24. Kh1 Qxc3 25. Qxa6 Qxe5 26.
a4 Rd8 27. Qb6 Qd5 28. a5 h5 29. a6 h4 30. a7 Kh7 31. h3 e5 32. Qb8 e4 33. Rb5 Qd1+ 34. Kh2 Rd2 35. Qf4 Qe2 36. Qxh4+ Kg6 37. Qg5+ Kh7 38. Qh5+ Qxh5 39. Rxh5+ Kg6 40. a8=Q Kxh5 41. Qa5+ Rd5 42. Qxd5+ Kh6 43. Qxe4 g6 44.
Qe5 Kh7 45. Qf6 Kg8 46. Kg3 Kf8 47. Kf4 Kg8 48. Kg5 Kh7 49. Qxf7+ Kh8 50. Kh6 g5 51.
Qe8# 1-0

[Event "Late-Titled-Tuesday-Blitz-September-19-2023"]
[Site "Chess.com"]
[Date "2023.09.19"]
[Round "8"]
[White "Bala-Afiada"]
[Black "protectiago"]
[Result "1-0"]
[WhiteElo "1967"]
[BlackElo "2065"]
[TimeControl "180+1"]
[EndTime "15:27:55 PDT"]
[Termination "Bala-Afiada won on time"]

1. d4 Nf6 2. c4 g6 3. Nc3 d5 4.
cxd5 Nxd5 5. e4 Nxc3 6. bxc3 Bg7 7. Bc4 c5 8. Be3 Nc6 9. Ne2 O-O 10. O-O Bg4 11.
f3 cxd4 12. cxd4 Na5 13. Bd3 Be6 14. d5 Bxa1 15. Qxa1 f6 16. Bh6 Re8 17. Bb5 Bd7 18. Bxd7 Qxd7 19. Nf4 Nc4 20. Ne6 Qd6 21. Kh1 Rac8 22.
Rb1 Na3 23. Rxb7 Rc2 24. Bf4 Qa6 25. Rc7 Rc8 26. Rxc8+ Qxc8 27. Qd1 Rxa2 28. h3 Qc2 29. Qg1 Nc4 30. Kh2 a5 31. Qf1 a4 32. Nd4 Qc3 33.
Nb5 Qb4 34. Nd4 a3 35. Nc6 Qc5 36. Qb1 Rb2 37. Qc1 a2 38. Nxe7+ Kf7 39. Nc6 Rb1 40. Qc2 a1=Q 41. Nd8+ Kg7 42. Ne6+ Kg8 43. Nxc5 1-0

[Event "Late-Titled-Tuesday-Blitz-September-19-2023"]
[Site "Chess.com"]
[Date "2023.09.19"]
[Round "8"]
[White "talaicito"]
[Black "UGgm_Manuel"]
[Result "1-0"]
[WhiteElo "2181"]
[BlackElo "2285"]
[TimeControl "180+1"]
[EndTime "15:27:57 PDT"]
[Termination "talaicito won on time"]

1. d4 Nf6 2. Nc3 g6 3. e4 d6 4. Bf4 Bg7 5. Qd2 h6 6. h4 c6 7. f3 b5 8. O-O-O Qc7 9. e5 Nh5 10. exd6 exd6 11. Re1+ Be6 12. d5 Nxf4 13. Qxf4 Bxc3 14.
bxc3 cxd5 15. Bxb5+ Nd7 16. Rxe6+ fxe6 17. Qf6 Rf8 18.
Qxe6+ Kd8 19. Bxd7 Qxd7 20. Qxd5 Rc8 21. Ne2 Qc6 22. Qxc6 Rxc6 23. Nd4 Rxc3 24. Ne6+ Ke7 25. Nxf8 Kxf8 26. Re1 Kf7 27. Kb2 Rc4 28. g3 g5 29.
hxg5 hxg5 30. Kb3 Rc8 31. c4 Rh8 32. Re3 Rh3 33. g4 Rh1 34. Rd3 Ke6 35. Rd5 Rf1 36. Rf5 Kd7 37. Kc3 Rf2 38. a4 Ke6 39. a5 a6 40. Kd3 Ke7 41. Ke3 Rc2 42. Rxg5 Rxc4 43. f4 Kf6 44. Rf5+ Kg6 45. Rd5 Rc6 46. g5 Kf7 47. f5 Ke7 48. g6 Rc3+ 49. Kf4 Rc5 50. Rxc5 dxc5 51. Ke5 Kd7 52. Kd5 Ke7 53. Kxc5 Kf6 54.
Kb6 Kxf5 55. g7 1-0

[Event "Late-Titled-Tuesday-Blitz-September-19-2023"]
[Site "Chess.com"]
[Date "2023.09.19"]
[Round "8"]
[White "Njal28"]
[Black "JoakimVonAnd"]
[Result "1-0"]
[WhiteElo "3097"]
[BlackElo "2724"]
[TimeControl "180+1"]
[EndTime "15:27:59 PDT"]
[Termination "Njal28 won by resignation"]

1. d4 d5 2. c4 e6 3. Nc3 c5 4. cxd5 exd5 5. Nf3 Nf6 6. Bg5 Be6 7. e3 c4 8. a3 h6 9. Bxf6 Qxf6 10. g3 Be7 11. Bg2 O-O 12. Ng1 Rd8 13. Nge2 Na6 14. Nf4 Nc7 15. Qh5 Qg5 16. Qe2 b5 17. h4 Qf6 18.
Rd1 b4 19. axb4 Bxb4 20. O-O Rab8 21. e4 dxe4 22. Nxe4 Qe7 23. Nc3 Bc8 24. Qc2 Bb7 25. Bxb7 Rxb7 26. Ne4 Ne6 27. Nxe6 Qxe6 28. d5 Rxd5 29.
Rxd5 Qxd5 30. Rd1 Qc6 31. Rd4 Rb8 32. Rxc4 Qd5 33. b3 Bf8 34. Nc3 Qb7 35. Ne2 Qxb3 36. Qxb3 Rxb3 37. Rc8 g6 38. Ra8 Ra3 39. h5 Kg7 40.
hxg6 fxg6 41. Nf4 Bd6 42. Nd5 Ra5 43. Nc3 Bc5 44. Ne4 Ra1+ 45. Kg2 Bd4 46. Rd8 Bb6 47. Rd7+ Kf8 48. Nf6 Ra2 49. Ne4 Kg8 50. Kf3 h5 51.
Kf4 Bxf2 52. Kg5 Be3+ 53. Kxg6 Ra6+ 54. Nf6+ Rxf6+ 55. Kxf6 Bf2 56. Kg6 Kf8 57. Rf7+ 1-0

[Event "Late-Titled-Tuesday-Blitz-September-19-2023"]
[Site "Chess.com"]
[Date "2023.09.19"]
[Round "8"]
[White "Oleksandr_Bortnyk"]
[Black "Hrant_ChessMood"]
[Result "1-0"]
[WhiteElo "3017"]
[BlackElo "2906"]
[TimeControl "180+1"]
[EndTime "15:28:03 PDT"]
[Termination "Oleksandr_Bortnyk won on time"]

1. e4 e5 2. Nf3 Nc6 3. Bb5 Nf6 4. Qe2 Bd6 5. c3 O-O 6. O-O a6 7. Ba4 Re8 8. h3 b5 9. Bc2 Bf8 10. d3 d6 11. Rd1 Bb7 12. Nbd2 Ne7 13. Nf1 c5 14. a4 Ng6 15. Ng3 h6 16. Nf5 d5 17.
g3 d4 18. N3h4 Nxh4 19. Nxh4 g6 20. cxd4 exd4 21. axb5 axb5 22. Rxa8 Bxa8 23. f4 c4 24. e5 Qd5 25. Kh2 Nd7 26. Qf2 cxd3 27. Bxd3 Nc5 28. Bxb5 Rb8 29. Be2 d3 30. Bf3 Qb3 31. Rf1 Ne4 32.
Qg2 Qc2 33. Qxc2 dxc2 34. Re1 Rd8 35. Re2 Nc5 36. Bxa8 Rxa8 37. Rxc2 Nd3 38. Be3 Rb8 39.
Bd4 Rd8 40. Nf3 Rb8 41. h4 h5 42. Rd2 Nb4 43. Bc3 Na2 44. Rd7 Nxc3 45. bxc3 Rc8 46.
Ng5 Rxc3 47. Nxf7 Bc5 48. Ng5 Bf2 49. Ne4 Rc2 50. Nxf2 Rxf2+ 51. Kh3 Re2 52. Rd3 Kf8 53. g4 hxg4+ 54. Kxg4 Re1 55. Kg5 Kf7 56. Rd7+ Ke8 57. Rd4 Rg1+ 58. Kf6 Rg4 59. e6 Rxh4 60. e7 1-0

[Event "Late-Titled-Tuesday-Blitz-September-19-2023"]
[Site "Chess.com"]
[Date "2023.09.19"]
[Round "8"]
[White "dretch"]
[Black "Jospem"]
[Result "0-1"]
[WhiteElo "2850"]
[BlackElo "3068"]
[TimeControl "180+1"]
[EndTime "15:28:04 PDT"]
[Termination "Jospem won on time"]

1. d4 Nf6 2. c4 g6 3. Nc3 Bg7 4. e4 d6 5. Nf3 O-O 6. h3 Nbd7 7. Bg5 c6 8. Bd3 e5 9. O-O Re8 10. d5 a5 11. Na4 h6 12. Be3 b5 13. dxc6 bxa4 14. cxd7 Bxd7 15. Qd2 Bc6 16. Qc2 Qc7 17. Rfd1 Rab8 18. Re1 Qb7 19. Bc1 Nd7 20. Nd2 Nc5 21.
Nb1 Rec8 22. Nc3 Qb4 23. Bf1 Ne6 24. Rb1 Nd4 25. Qd3 Qb7 26. Bd2 Kh7 27. h4 h5 28. Nd5 Qa7 29. Qc3 Ra8 30. Qg3 Bxd5 31. exd5 f5 32. Bg5 Rab8 33. Qd3 Qc5 34. Be3 Rb7 35.
f4 exf4 36. Bf2 Rcb8 37. Red1 Rxb2 38. Rxb2 Rxb2 39. Bxd4 Bxd4+ 40. Qxd4 Qxd4+ 41. Rxd4 a3 42. c5 dxc5 43. Rd3 c4 44. Rxa3 Rd2 45. Bxc4 Rd4 46. Rc3 Kg7 47. Kf2 Kf6 48. Ke2 Ke5 49. a4 f3+ 50. Kxf3 Rxh4 51. Bb3 Rf4+ 52. Ke2 Rg4 53. Kf2 Rf4+ 54. Rf3 Rb4 55. Re3+ Kf4 0-1

[Event "Late-Titled-Tuesday-Blitz-September-19-2023"]
[Site "Chess.com"]
[Date "2023.09.19"]
[Round "8"]
[White "sebastianmarinp"]
[Black "MBA_CHESS_2021"]
[Result "1/2-1/2"]
[WhiteElo "2403"]
[BlackElo "2192"]
[TimeControl "180+1"]
[EndTime "15:28:04 PDT"]
[Termination "Game drawn - insufficient material"]

1. d4 d5 2. c4 c6 3. Nc3 Nf6 4. Nf3 dxc4 5. e3 Bf5 6. Bxc4 e6 7. O-O Be7 8. Ne5 O-O 9. f3 Nbd7 10. e4 Bg6 11. Nxg6 hxg6 12. Be3 Qc7 13. Rc1 Rad8 14. Qe1 a6 15. a3 Qb8 16. b4 e5 17.
Qf2 exd4 18. Bxd4 Nh5 19. g3 Bf6 20. Rfd1 Bxd4 21. Rxd4 Ne5 22. Be2 Rxd4 23. Qxd4 Rd8 24. Qe3 Nf6 25. h3 Ned7 26. f4 Nf8 27. Bc4 Qc8 28. e5 Nd5 29. Nxd5 cxd5 30. Bf1 Qe6 31.
Qd4 a5 32. Bg2 axb4 33. axb4 Qd7 34. Rc5 Ne6 35. Qxd5 Nxc5 36. Qxc5 Qd4+ 37. Qxd4 Rxd4 38. Bxb7 Rxb4 39. Bf3 Rb2 40. Bg2 g5 41. fxg5 Kf8 42. h4 Ke7 43. Bd5 Rb5 44. Bc4 Rxe5 45. Kf2 Rc5 46. Be2 Rc3 47. Bf3 g6 48. Be4 Kd6 49. Bf3 Ke5 50. Be2 Ke4 51. g4 Rc2 52. h5 gxh5 53. gxh5 Kf5 54. g6 fxg6 55. hxg6 Kxg6 56. Ke3 Kf5 57. Bd3+ Ke5 58. Bxc2 1/2-1/2

[Event "Late-Titled-Tuesday-Blitz-September-19-2023"]
[Site "Chess.com"]
[Date "2023.09.19"]
[Round "8"]
[White "scandalgod"]
[Black "davigator"]
[Result "1-0"]
[WhiteElo "2461"]
[BlackElo "2330"]
[TimeControl "180+1"]
[EndTime "15:28:07 PDT"]
[Termination "scandalgod won by resignation"]

1. d4 Nf6 2. c4 e6 3. g3 Bb4+ 4. Bd2 a5 5. Bg2 O-O 6. Nf3 b6 7. Ne5 c6 8. O-O Ba6 9. Qc2 d5 10. Rd1 Nfd7 11. Bxb4 axb4 12. Nxc6 Nxc6 13. cxd5 Ne7 14.
dxe6 fxe6 15. Bxa8 Qxa8 16. a3 Qd5 17. Qd2 Bb7 18.
f3 bxa3 19. Nc3 Qb3 20. Rxa3 Qb4 21. Ne4 Qxd2 22. Nxd2 Rb8 23. e4 Kf7 24. Kf2 Nc6 25.
Nc4 b5 26. Na5 Nb6 27. Rc1 Nxa5 28. Rxa5 Rc8 29. Rc5 Na4 30. Rxc8 Bxc8 31. Rxb5 Bd7 32. Rb4 e5 33. Ke3 Ke6 34. f4 exd4+ 35. Kxd4 Kd6 36. e5+ Kc7 37. b3 Nb6 38. Kc5 Nc8 39.
Rd4 Be6 40. Rd3 h5 41. b4 Nb6 42. b5 Nd7+ 43. Kb4 Bf5 44. Rd6 g6 45. Ra6 Kb7 46. Rd6 Kc7 47. Ka5 Nc5 48. b6+ Kb7 49. Kb5 Nd7 50. Rf6 Nxf6 51. exf6 Be6 52. Kc5 Bf7 53.
Kd6 Kxb6 54. Ke7 Bc4 55. f7 Bxf7 56. Kxf7 Kc6 57. Kxg6 h4 58. gxh4 Kd7 59. h5 Ke8 60. Kg7 Ke7 61. h6 Ke6 62. h7 Kf5 63. h8=Q Kxf4 64.
Qh6+ 1-0

[Event "Late-Titled-Tuesday-Blitz-September-19-2023"]
[Site "Chess.com"]
[Date "2023.09.19"]
[Round "8"]
[White "bazar-wokzal"]
[Black "reevecanada"]
[Result "0-1"]
[WhiteElo "2643"]
[BlackElo "2536"]
[TimeControl "180+1"]
[EndTime "15:28:08 PDT"]
[Termination "reevecanada won on time"]

1. e4 c5 2. c3 Nf6 3. e5 Nd5 4. d4 cxd4 5. cxd4 d6 6. Bc4 Nb6 7. Bb3 e6 8. Nf3 Nc6 9. O-O Be7 10. Qe2 O-O 11. Qe4 a5 12. Bc2 g6 13.
Bh6 Re8 14. Nc3 Nb4 15. Bb1 Nc4 16. a3 Nc6 17. b3 Nxa3 18. Bd3 d5 19. Qg4 Qb6 20. h4 Nb4 21. Rad1 Nxd3 22. Rxd3 Qxb3 23. h5 Qc4 24. Rfd1 b5 25. Bg5 Qb4 26. Ne2 Nc4 27. Nf4 Bxg5 28. Nxg5 Qe7 29. hxg6 fxg6 30. Rh3 h5 31.
Nxh5 Rf8 32. Nf6+ Rxf6 33. exf6 Qxf6 34. Rf3 Qg7 35. Rf7 Qh6 36. Rh7 e5 37. Qg3 Qxh7 38. Nxh7 Kxh7 39. dxe5 Be6 40. Qh4+ Kg8 41. Qe7 Bf5 42. e6 b4 43. Rxd5 b3 44. Rd8+ Rxd8 45. Qxd8+ Kh7 46. Qc7+ Kh6 47. e7 b2 48. Qf4+ Kh7 49.
e8=Q b1=Q+ 50. Kh2 g5 51. Qf7+ Kh6 0-1

[Event "Late-Titled-Tuesday-Blitz-September-19-2023"]
[Site "Chess.com"]
[Date "2023.09.19"]
[Round "8"]
[White "temus_galaktionov"]
[Black "jefferyx"]
[Result "1/2-1/2"]
[WhiteElo "2854"]
[BlackElo "2997"]
[TimeControl "180+1"]
[EndTime "15:28:09 PDT"]
[Termination "Game drawn by stalemate"]

1. d4 d5 2. c4 e6 3. Nf3 Nf6 4. Nc3 dxc4 5. e3 a6 6. a4 c5 7.
Bxc4 Nc6 8. O-O Qc7 9. d5 exd5 10.
Nxd5 Nxd5 11. Bxd5 Be7 12. e4 Bg4 13. h3 Bh5 14. g4 Bg6 15. Be3 Nb4 16. Qd2 Rd8 17. Bf4 Bd6 18. Bxd6 Rxd6 19. Rfe1 O-O 20. Rad1 Rfd8 21. Qf4 Qe7 22. h4 Nxd5 23. exd5 Qf6 24.
Qxf6 gxf6 25. Re7 Rxd5 26. Rxd5 Rxd5 27. h5 Bc2 28. h6 Kf8 29. Rxb7 Be4 30. Rb8+ Ke7 31.
Rb3 Bxf3 32. Rxf3 Rd4 33. Re3+ Kd7 34. f3 Rxa4 35. Rd3+ Ke7 36. Re3+ Kd7 37. Rd3+ Rd4 38. Ra3 Rd6 39. Rb3 Kc7 40. Re3 Re6 41. Rd3 f5 42. g5 Rg6 43. f4 f6 44. Rd5 fxg5 45. Rxc5+ Kb6 46. Rxf5 gxf4+ 47. Kf2 Rxh6 48. Rxf4 Rh2+ 49. Ke3 Rxb2 50. Rh4 a5 51. Kd3 Kc5 52. Rxh7 Kb4 53. Rb7+ Ka3 54. Ra7 Kb4 55. Rb7+ Ka3 56. Ra7 a4 57.
Kc3 Rb8 58. Kc2 Rb4 59. Ra8 Ka2 60. Rc8 a3 61. Rc7 Rb2+ 62. Kc1 Rb8 63. Rc6 Kb3 64. Kb1 a2+ 65. Ka1 Ka3 66. Rc3+ Rb3 67. Rxb3+ Kxb3 1/2-1/2

[Event "Late-Titled-Tuesday-Blitz-September-19-2023"]
[Site "Chess.com"]
[Date "2023.09.19"]
[Round "8"]
[White "Lennis93"]
[Black "Pingah9"]
[Result "1-0"]
[WhiteElo "2742"]
[BlackElo "2561"]
[TimeControl "180+1"]
[EndTime "15:28:09 PDT"]
[Termination "Lennis93 won on time"]

1. Nf3 g6 2. c4 Bg7 3. Nc3 d6 4. d4 f5 5. h4 Nf6 6. Bg5 h6 7. Bxf6 Bxf6 8. h5 g5 9. e3 Nc6 10. Bd3 e5 11. dxe5 Nxe5 12. Nxe5 Bxe5 13. Qc2 O-O 14.
O-O-O Be6 15. g3 Qf6 16. f4 Bxc3 17. bxc3 g4 18. Rde1 Rae8 19. e4 fxe4 20. Rxe4 Bf7 21.
Rhe1 Bxh5 22. Kb2 Bf7 23. Qh2 d5 24. Rxe8 Rxe8 25. Rxe8+ Bxe8 26. cxd5 Qb6+ 27. Kc2 Ba4+ 28. Kc1 Qe3+ 29. Qd2 Qxg3 30. Bc4 Qg1+ 31. Kb2 Qb6+ 32. Kc1 Qd6 33. Qe3 Bd7 34. Kd2 h5 35. Qe5 Qxe5 36.
fxe5 Kg7 37. Ke3 h4 38. Kf4 g3 39. Bf1 Bb5 40. Bh3 Be2 41. a3 a5 42. Ke3 Bc4 43. Kd4 b5 44. Ke4 Kf8 45. Bg2 Ke7 46. Kf4 Be2 47.
Bh3 Bc4 48. Ke4 Bb3 49. Bg2 Bd1 50. Kf4 Bb3 51. Be4 Bd1 52. Bh1 Bb3 53. Bf3 1-0

[Event "Late-Titled-Tuesday-Blitz-September-19-2023"]
[Site "Chess.com"]
[Date "2023.09.19"]
[Round "8"]
[White "farzadbfd"]
[Black "Deeper44"]
[Result "1-0"]
[WhiteElo "2700"]
[BlackElo "2532"]
[TimeControl "180+1"]
[EndTime "15:28:17 PDT"]
[Termination "farzadbfd won by resignation"]

1. d4 Nf6 2. Nf3 g6 3. Bg5 Bg7 4. e3 d6 5. Be2 Ne4 6. Bf4 b6 7. O-O O-O 8. c4 Bb7 9. Nfd2 Nxd2 10. Nxd2 e5 11. Bf3 Qc8 12. dxe5 dxe5 13. Bg3 Rd8 14.
Qc2 Na6 15. a3 Nc5 16. b4 Rxd2 17. Qxd2 Nb3 18. Qe2 Bxf3 19. gxf3 Nxa1 20. Rxa1 Qe8 21. Rd1 Rd8 22. e4 Rd6 23. Rd5 Qe6 24. Kg2 c6 25. Rxd6 Qxd6 26. Qc2 g5 27. Qa4 Qd7 28. Qa6 f6 29. a4 Bf8 30. c5 bxc5 31. b5 cxb5 32. Qxf6 Qe7 33. Qc6 bxa4 34. Qxa4 Kf7 35. Qc4+ Kf6 36.
Qd5 Bg7 37. h4 h6 38. h5 Qe6 39. Qd8+ Qe7 40. Bxe5+ Kf7 41. Qxe7+ Kxe7 42. Bxg7 a5 43.
f4 gxf4 44. Kf3 a4 45. Kxf4 Kf7 46. Bc3 c4 47. e5 Ke6 48. Ke4 a3 49. f4 a2 50. f5+ Kf7 51. Kd5 Ke7 52. Kxc4 Kd7 53. Ba1 Kc6 54. f6 Kd7 55. Kd5 Kc7 56. e6 Kd8 57. Kd6 Ke8 1-0

[Event "Late-Titled-Tuesday-Blitz-September-19-2023"]
[Site "Chess.com"]
[Date "2023.09.19"]
[Round "8"]
[White "nihalsarin"]
[Black "Hikaru"]
[Result "1-0"]
[WhiteElo "3127"]
[BlackElo "3247"]
[TimeControl "180+1"]
[EndTime "15:28:20 PDT"]
[Termination "nihalsarin won on time"]

1. e4 a6 2. d4 c6 3. Nd2 d5 4.
c3 dxe4 5. Nxe4 Nf6 6. Bd3 Nxe4 7. Bxe4 Nd7 8. Nf3 Nf6 9. Bc2 Bg4 10. h3 Bxf3 11.
Qxf3 e6 12. O-O Bd6 13. Rd1 h6 14. g3 O-O 15. Kg2 Re8 16. Be3 Bf8 17. c4 g6 18. Bb3 Bg7 19. Rac1 Rc8 20. Rc2 Qe7 21. Rcd2 Rcd8 22. a3 Rd7 23. Ba2 Red8 24. b4 Qe8 25. Rd3 Qe7 26. R3d2 Qe8 27. h4 Qe7 28. Re2 Re8 29.
Rdd2 Qd8 30. Re1 Kh7 31. Red1 Ree7 32. Bb1 Kg8 33. Bf4 Ne8 34. Be3 Nd6 35. Bd3 Re8 36.
d5 cxd5 37. cxd5 e5 38. Qe2 e4 39. Bb1 Nb5 40. Rc1 Nc3 41. Qc4 Nxd5 42. Rxd5 Rxd5 43. Bxe4 Rd7 44. Bxg6 Qf6 45. Be4 Qb2 46. Rc2 Qxa3 47. Bf5 Rde7 48. Qg4 Kh8 49. Bd4 Bxd4 50. Qxd4+ Kg8 51. Qg4+ Kh8 52. Qd4+ Kg8 53. Rc4 Re5 54. Qg4+ Kf8 55. Bh7 Qa4 56. Rc7 1-0

[Event "Late-Titled-Tuesday-Blitz-September-19-2023"]
[Site "Chess.com"]
[Date "2023.09.19"]
[Round "8"]
[White "djano"]
[Black "mishanick"]
[Result "0-1"]
[WhiteElo "2625"]
[BlackElo "3086"]
[TimeControl "180+1"]
[EndTime "15:28:26 PDT"]
[Termination "mishanick won by checkmate"]

1. e4 c5 2. Nc3 e6 3. f4 d5 4. Nf3 d4 5. Bb5+ Nd7 6. Ne2 a6 7. Bxd7+ Qxd7 8. d3 b5 9. O-O Bb7 10. Qe1 Ne7 11. Qg3 f5 12. Ne5 Qc7 13. Qh3 g6 14. Ng3 Bg7 15. exf5 exf5 16. Bd2 O-O 17. Rae1 Nd5 18. c4 dxc3 19. bxc3 Rae8 20. d4 cxd4 21. cxd4 Qc2 22. Rf2 Qa4 23. Ne2 Qxa2 24. Nc1 Qa4 25. Nb3 Qa3 26. Ra1 Qe7 27. Nc5 Bc8 28.
Qb3 Qd6 29. Nxa6 Kh8 30. Nc5 b4 31. Bxb4 Nxb4 32. Qxb4 Qd5 33. Rd1 g5 34. Qb3 Qxb3 35. Nxb3 Rd8 36. g3 gxf4 37. gxf4 Bb7 38. Nc5 Bd5 39.
Rb2 Bh6 40. Ncd3 Rg8+ 41. Kf1 Rg7 42. Rb5 Be4 43. Rdb1 Bxf4 44. Nxf4 Bxb1 45. Ne6 Rc8 46. Nxg7 Rc1+ 47. Kf2 Kxg7 48. Rb7+ Kh6 49. Rb6+ Kg5 50. Rb7 h5 51. Rb3 Be4 52. Rg3+ Kf6 53. Nd7+ Ke7 54. Ne5 Rc2+ 55. Kg1 Ke6 56. h4 Kd5 57. Rg5 Kxd4 58. Nf7 Ke3 59. Rg3+ Bf3 60. Ng5 Rc1+ 61. Kh2 Rh1# 0-1

[Event "Late-Titled-Tuesday-Blitz-September-19-2023"]
[Site "Chess.com"]
[Date "2023.09.19"]
[Round "8"]
[White "PapaieDudu"]
[Black "zverr1"]
[Result "1-0"]
[WhiteElo "2403"]
[BlackElo "2499"]
[TimeControl "180+1"]
[EndTime "15:28:30 PDT"]
[Termination "PapaieDudu won by checkmate"]

1. e4 c5 2. Nf3 d6 3. d4 cxd4 4. Nxd4 Nf6 5. Nc3 a6 6. f3 e5 7. Nb3 Be6 8. Be3 h5 9. Qd2 Nbd7 10. O-O-O Rc8 11. Kb1 b5 12. Nd5 Bxd5 13. exd5 Nb6 14.
Bxb6 Qxb6 15. Na5 Nxd5 16. Qxd5 Qxa5 17. c4 Qc7 18. Bd3 b4 19. Bf5 Rb8 20. f4 Be7 21. fxe5 dxe5 22. Bd7+ Kf8 23. Rhf1 Bf6 24. c5 e4 25. c6 e3 26. Rde1 b3 27. axb3 Rb5 28.
Qe4 Re5 29. Qb4+ Kg8 30. Qb7 Bd8 31. Qb4 Rh6 32. Rf3 e2 33. Rf2 Rf6 34. Rfxe2 Rxe2 35. Rxe2 Rf1+ 36. Ka2 Qa5+ 37. Qxa5 Bxa5 38. Rc2 Bc7 39. b4 Rd1 40. Re2 Bxh2 41. Re8+ Kh7 42. Rc8 Rc1 43. Kb3 g6 44. Ra8 Ra1 45. b5 Ra5 46. bxa6 f5 47.
Bc8 h4 48. Bb7 Kh6 49. Rc8 h3 50. Kb4 g5 51. c7 Bxc7 52. Rxc7 h2 53. Rc6+ Kh5 54.
Rc1 Kh4 55. g3+ Kxg3 56. Kxa5 f4 57. Rh1 f3 58. a7 g4 59. a8=Q Kf2 60. Bxf3 g3 61. Bg2 Ke3 62. Qe4+ Kf2 63. Qf3# 1-0

[Event "Late-Titled-Tuesday-Blitz-September-19-2023"]
[Site "Chess.com"]
[Date "2023.09.19"]
[Round "8"]
[White "PawnEatingZombie"]
[Black "Garmendiarov"]
[Result "0-1"]
[WhiteElo "2197"]
[BlackElo "2334"]
[TimeControl "180+1"]
[EndTime "15:28:30 PDT"]
[Termination "Garmendiarov won on time"]

1. e4 c5 2. c3 Nf6 3. e5 Nd5 4. Nf3 d6 5. Bb5+ Bd7 6. Bc4 Nb6 7. Bb3 c4 8. Bc2 Bg4 9. h3 Bxf3 10. Qxf3 Nc6 11. exd6 Qxd6 12. O-O g6 13. b3 Bg7 14. Re1 O-O 15. Ba3 Qf6 16. Qxf6 Bxf6 17. Bc5 Nd7 18. Ba3 b5 19. Be4 Rac8 20. bxc4 bxc4 21. d4 cxd3 22. Bxd3 Nde5 23. Bf1 Na5 24. Nd2 Rfd8 25. Ne4 Nac4 26.
Nxf6+ exf6 27. Bc1 Nd3 28. Bxd3 Rxd3 29. Bh6 Rxc3 30.
Re7 Nd6 31. Rxa7 Nf5 32. Bf4 R8c4 33. g3 g5 34. Ra8+ Kg7 35. Bd2 Rc2 36. Be1 Rc1 37.
Rxc1 Rxc1 38. Kf1 Nd4 39. a4 Ra1 40. a5 Nc2 41. Re8 Nxe1 42. Rxe1 Rxa5 43. Re7 h5 44. Kg2 Kf8 45. Rb7 Kg7 46. Rc7 Kg6 47. Rb7 f5 48. Rc7 f6 49. Rc8 Ra4 50. Rg8+ Kh7 51. Rf8 Kg7 52. Rd8 f4 53. gxf4 Rxf4 54.
f3 Ra4 55. Rc8 Kg6 56. Rc5 h4 57. Rb5 Ra2+ 58. Kg1 Re2 59. Ra5 Re5 60. Ra4 Kf5 61. Kg2 Re2+ 62. Kg1 Re3 63. Kg2 Rb3 64. Rc4 Kg6 65.
Ra4 f5 66. Rc4 Kh5 67. Ra4 Rb2+ 0-1

[Event "Late-Titled-Tuesday-Blitz-September-19-2023"]
[Site "Chess.com"]
[Date "2023.09.19"]
[Round "8"]
[White "Miguelitro69"]
[Black "McCarthyStone"]
[Result "1-0"]
[WhiteElo "2291"]
[BlackElo "2430"]
[TimeControl "180+1"]
[EndTime "15:28:32 PDT"]
[Termination "Miguelitro69 won by checkmate"]

1. e4 e5 2. Nf3 d6 3. d4 exd4 4. Nxd4 Nf6 5. Bd3 g6 6. O-O Bg7 7. Nc3 O-O 8. h3 Re8 9. Bg5 h6 10. Be3 Nc6 11. Qd2 Kh7 12. Nxc6 bxc6 13. f4 Nd7 14.
Rae1 Rb8 15. b3 Qf6 16. Ne2 c5 17. f5 g5 18. Ng3 Qc3 19. Nh5 Qxd2 20. Bxd2 Bd4+ 21.
Kh1 f6 22. c3 Be5 23. Bc4 Rf8 24. Rf3 Bb7 25. Bd5 c6 26. Bc4 d5 27. Bd3 Nb6 28. Ng3 Rbe8 29. Nf1 h5 30. Ne3 Kg7 31. Bb1 Bf4 32.
Nf1 Be5 33. Ne3 Re7 34. g4 Rh8 35. Kg2 hxg4 36. Nxg4 Nd7 37. Rh1 Bc7 38. h4 dxe4 39. Rfh3 Ne5 40. hxg5 Rxh3 41. gxf6+ Kf7 42. fxe7 Rxh1 43.
Nxe5+ Bxe5 44. Kxh1 Kxe7 45. Kg2 c4 46. Bxe4 cxb3 47.
axb3 Kf6 48. Kf3 a5 49. c4 Bc7 50. Bc3+ Kf7 51. Kg4 Bb6 52. Kf4 Bc7+ 53. Kg5 Bd8+ 54. f6 Bc7 55. Bg6+ Kf8 56. Kf5 Bc8+ 57. Ke4 Be6 58.
Bd2 a4 59. Bh6+ Kg8 60. bxa4 Bxc4 61. Kf5 Bd3+ 62. Kg5 Bxg6 63. Kxg6 Bd6 64. f7+ Kh8 65. Bg7# 1-0

[Event "Late-Titled-Tuesday-Blitz-September-19-2023"]
[Site "Chess.com"]
[Date "2023.09.19"]
[Round "8"]
[White "Hoshka"]
[Black "KejJaj"]
[Result "0-1"]
[WhiteElo "2048"]
[BlackElo "2205"]
[TimeControl "180+1"]
[EndTime "15:28:33 PDT"]
[Termination "KejJaj won on time"]

1. d4 f5 2. g3 Nf6 3. Bg2 e6 4. Nf3 d5 5. O-O Bd6 6. c4 c6 7.
Nc3 O-O 8. Rb1 Qe7 9. Qc2 Nbd7 10. Bg5 h6 11. Bxf6 Nxf6 12. Ne5 Bd7 13. Nxd7 Qxd7 14. c5 Bc7 15. f4 a6 16. b4 Ne4 17.
a4 g5 18. e3 g4 19. b5 Nxc3 20. Qxc3 axb5 21. axb5 cxb5 22. Qd3 Ra5 23. Rb3 Rfa8 24. Rfb1 b6 25. cxb6 Bxb6 26. Bf1 Bd8 27. Rxb5 Rxb5 28. Qxb5 Qxb5 29. Bxb5 Ra3 30. Kf2 Ba5 31. Bd7 Ra2+ 32. Kg1 Kf7 33. Rb7 Kf6 34. Be8 Ra1+ 35. Kg2 Ra2+ 36.
Kf1 Ra1+ 37. Ke2 Ra2+ 38. Kd1 Rxh2 39. Rf7+ Kg6 40. Ra7+ Kf6 41. Rxa5 Rg2 42. Ra7 Rxg3 43. Rf7+ Kg6 44. Ke2 h5 45. Re7+ Kf6 46. Rh7 Rh3 47. Rxh5 Rxh5 48. Bxh5 Kg7 49. Kf2 Kf6 50. Kg3 Kg7 51.
Kh4 Kf6 52. Be8 Ke7 53. Bb5 Kf6 54. Kh5 Kg7 55. Kg5 Kf7 56. Kh6 Kf6 57. Kh7 Kf7 58.
Bf1 Kf6 59. Bg2 Kf7 60. Kh6 Kf6 61. Kh7 Kf7 62. Bf1 Kf6 63. Be2 Kf7 64. Bb5 Kf6 65.
Kh6 Kf7 66. Kh5 Kf6 67. Kh6 Kf7 68. Kg5 Kg7 0-1

[Event "Late-Titled-Tuesday-Blitz-September-19-2023"]
[Site "Chess.com"]
[Date "2023.09.19"]
[Round "8"]
[White "DvaHrasta"]
[Black "IgorBjelobrk"]
[Result "1-0"]
[WhiteElo "2518"]
[BlackElo "2671"]
[TimeControl "180+1"]
[EndTime "15:28:35 PDT"]
[Termination "DvaHrasta won on time"]

1. c4 b6 2. g3 Bb7 3. Nf3 Bxf3 4. exf3 c5 5. d4 cxd4 6. Qxd4 Nc6 7. Qd2 g6 8. Bg2 Bg7 9. O-O Rc8 10. Nc3 h5 11. b3 Nh6 12. Bb2 Nf5 13. Rad1 d6 14. Bh3 Nfd4 15.
Kg2 Nf5 16. Bxf5 gxf5 17. Qg5 Bf6 18. Qxf5 Qd7 19. Qe4 h4 20. g4 h3+ 21. Kh1 Qe6 22. Qb1 Ne5 23. Rfe1 Rg8 24. Nd5 Bh4 25. Re2 Qg6 26.
Bxe5 Qxb1 27. Rxb1 dxe5 28. Rxe5 e6 29. Nf4 Bf6 30.
Rh5 Rd8 31. Nxh3 Rd2 32. a4 Ke7 33. a5 bxa5 34. Rxa5 Bd4 35. Kg2 Rd8 36. Rf1 Rc2 37. Nf4 Bb6 38. Rb5 Rdd2 39. c5 Bxc5 40. Nh3 Bb6 41. g5 Rb2 42. g6 fxg6 43. Re5 Kf6 44. Re4 Rxb3 45. Nf4 e5 46. Ne2 Rbb2 47. Ng3 Rxf2+ 48.
Rxf2 Rxf2+ 49. Kh3 Rxf3 50. Ra4 Rf4 51. Ra2 g5 52.
Re2 g4+ 53. Kg2 Rf3 54. Ne4+ Kf5 55. Nd6+ Ke6 56. Ne4 Bd4 57. Ng5+ Kd5 58. Nxf3 gxf3+ 59. Kxf3 a5 60. h4 a4 61. Ra2 e4+ 62. Ke2 Bf6 63.
h5 Ke5 64. Rxa4 Kf5 65. Ra5+ Kg4 66. h6 Kf4 67. h7 Bd4 68. Ra8 1-0